 Dungeon Crawl Stone Soup version 0.31-a0-968-g24f9ace8b5 (webtiles) character file.

Game seed: 9739966609348935872

37753 MacCMillion the Martial Artist (level 13, -6/93 HPs)
             Began as an Octopode Shapeshifter on Oct 27, 2023.
             Was an Initiate of Gozag.
             Mangled by a komodo dragon (24 damage)
             ... on level 5 of the Lair of Beasts.
             The game lasted 00:53:28 (20035 turns).

MacCMillion the Martial Artist (OpSh)              Turns: 20035, Time: 00:53:29

Health: -6/93      AC:  1    Str: 15    XL:     13   Next: 98%
Magic:  13/13      EV: 31    Int: 12    God:    Gozag
Gold:   910        SH:  0    Dex: 33    Spells: 10/12 levels left

rFire   + .          .
                       - Unarmed
rCold   . . .        (no shield)
rNeg    . . .        (helmet currently unavailable)
rPois   .            d - amulet of regeneration
rElec   .            g - +6 ring of dexterity
rCorr   +            m - +6 ring of dexterity
SInv    +            D - +5 ring of evasion
Will    .....        I - +6 ring of dexterity
Stlth   ++++++       K - ring of resist corrosion
HPRegen 1.15/turn    S - ring of see invisible
MPRegen 0.13/turn    W - ring of protection from fire
                     (no ring)

%: no passive effects
@: beast-form, gold aura, studying Shapeshifting
A: beast (slay +4), almost no armour, amphibious, 8 rings, camouflage 1,
gelatinous body 1, nimble swimmer 1, tentacles
a: Begin Untransformation, Renounce Religion, Potion Petition, Call Merchant,
Bribe Branch


You were on level 5 of the Lair of Beasts.
You worshipped Gozag.
Gozag was pleased with you.
You were a hulking beast.
You visited 3 branches of the dungeon, and saw 17 of its levels.
You also visited: Sewer and Volcano.

You collected 3303 gold pieces.
You spent 1116 gold pieces at shops.
You paid 1277 gold pieces to Gozag.

Inventory:

Missiles
 o - 26 poisoned darts
 P - 3 throwing nets
Armour
 R - a +1 hat of stealth
Jewellery
 d - an amulet of regeneration (around mantle)
 f - a ring of wizardry
 g - a +6 ring of dexterity (left tentacle)
 m - a +6 ring of dexterity (right tentacle)
 n - an amulet of guardian spirit
 D - a +5 ring of evasion (on tentacle)
 I - a +6 ring of dexterity (on tentacle)
 K - a ring of resist corrosion (on tentacle)
 S - a ring of see invisible (on tentacle)
 W - a ring of protection from fire (on tentacle)
Talismans
 b - a beast talisman (active)
 c - a flux talisman
Wands
 v - a wand of mindburst (11)
 w - a wand of digging (25)
 y - a wand of roots (16)
 F - a wand of charming (5)
 H - a wand of flame (19)
 L - a wand of quicksilver (11)
 N - a wand of polymorph (3)
Scrolls
 e - 4 scrolls of amnesia {unknown}
 i - 5 scrolls of revelation {unknown}
 k - 4 scrolls of enchant armour
 q - 5 scrolls of vulnerability
 r - 4 scrolls of blinking
 u - 2 scrolls of fear {unknown}
 x - 2 scrolls of teleportation
 z - 2 scrolls of identify
 A - a scroll of torment
 B - a scroll of noise
 G - a scroll of immolation
 M - a scroll of brand weapon {unknown}
 Q - a scroll of enchant weapon {unknown}
 U - a scroll of fog {unknown}
Potions
 a - a potion of lignification
 h - a potion of ambrosia
 j - 2 potions of degeneration
 l - 3 potions of mutation
 p - 2 potions of brilliance
 s - a potion of resistance
 t - 6 potions of curing
 C - 2 potions of magic
 E - a potion of cancellation {unknown}
 J - 3 potions of heal wounds
 O - 2 potions of haste
 T - a potion of berserk rage {unknown}


   Skills:
 - Level 10.6 Fighting
 - Level 10.6 Dodging
 - Level 4.0 Stealth
 - Level 14.4 Unarmed Combat
 + Level 6.7 Evocations
 + Level 10.7 Shapeshifting


You had 10 spell levels left.
You knew the following spells:

 Your Spells              Type           Power      Damage    Failure   Level
a - Blink                 Tloc           0%         N/A       45%         2

Your spell library contained the following spells:

 Spells                   Type           Power      Damage    Failure   Level
 Necrotise                Necr           0%         1d4       32%         1
 Ensorcelled Hibernation  Hex/Ice        0%         N/A       45%         2
 Lesser Beckoning         Tloc           0%         N/A       45%         2
 Momentum Strike          Conj/Tloc      0%         3d8       45%         2
 Passwall                 Tmut/Erth      0%         N/A       45%         2
 Sublimation of Blood     Necr           0%         N/A       45%         2
 Frozen Ramparts          Ice            0%         1d1       69%         3
 Gell's Gravitas          Tloc           0%         N/A       69%         3
 Swiftness                Air            0%         N/A       69%         3
 Teleport Other           Tloc           0%         N/A       69%         3
 Tukima's Dance           Hex            0%         N/A       69%         3
 Vampiric Draining        Necr           0%         2d6       69%         3
 Cause Fear               Hex            0%         N/A       97%         4
 Dimensional Bullseye     Hex/Tloc       0%         N/A       97%         4
 Iskenderun's Mystic Bla  Conj/Tloc      0%         2d3       97%         4
 Manifold Assault         Tloc           0%         N/A       97%         4
 Passage of Golubria      Tloc           0%         N/A       97%         4
 Petrify                  Tmut/Erth      0%         N/A       97%         4
 Agony                    Necr           0%         N/A       100%        5
 Fireball                 Conj/Fire      0%         3d3       100%        5
 Irradiate                Conj/Tmut      0%         3d11      100%        5
 Metabolic Englaciation   Hex/Ice        0%         N/A       100%        5
 Yara's Violent Unravell  Hex/Tmut       0%         3d3       100%        5
 Dispersal                Tloc           0%         N/A       100%        6
 Dragon's Call            Summ           0%         N/A       100%        9


Dungeon Overview and Level Annotations

Branches:
Dungeon (11/15)            Temple (1/1) D:6            Lair (5/5) D:8
 Shoals (0/4) Lair:3       Spider (0/4) Lair:2        Slime (0/5) Lair:4
    Orc (0/2) D:11          Sewer (visited)         Volcano (visited)

Altars:
Ashenzari
Cheibriados
Dithmenos
Elyvilon
Fedhas
Gozag
Hepliaklqana
Kikubaaqudgha
Makhleb
Nemelex Xobeh
Okawaru
Qazlal
Ru
Sif Muna
Trog
Uskayaw
Vehumet
Wu Jian
Xom
Yredelemnul
Zin
The Shining One
Jiyva

Shops:
D:4 *   Lair:4 ?*

Annotations:
D:4 1 runed translucent door, Crazy Yiuf
D:8 2 exclusions
D:10 exclusion: two-headed ogre, Erolcha
D:11 Fannar
Lair:3 3 runed translucent doors, Zlot's ghost, journeyman DsBe


Innate Abilities, Weirdness & Mutations

You are a hulking beast.
Your limbs bulge with bestial killing power. (Slay +4)
You cannot wear most types of armour.
You are amphibious.
You can wear up to eight rings at the same time.
Your skin changes colour to match your surroundings (Stealth+).
Your rubbery body absorbs attacks. (AC +1, EV +1)
You are camouflaged when in or above water. (Stealth+)
You have tentacles for arms and can constrict up to eight enemies at once.


Message History

You batter the yak!!
You kill the yak!
The yak snorts and paws the ground.
The skyshark completely misses you. x2; The skyshark tail-slaps you.
You batter the skyshark!!
The skyshark is moderately wounded.
The skyshark bites you!
The skyshark tastes blood and grows stronger!
The skyshark completely misses you. x2
You tentacle-slap the skyshark.
The skyshark is moderately wounded.
You bludgeon the skyshark! Your squeeze misses the skyshark.
The skyshark is heavily wounded.
The skyshark bites you!!
The skyshark enters a blood-rage!
The skyshark tail-slaps you! The skyshark completely misses you.
You barely miss the skyshark.
The skyshark is heavily wounded.
The skyshark barely misses you. The skyshark completely misses you.
The skyshark closely misses you.
You bludgeon the skyshark!
You tentacle-slap the skyshark, but do no damage.
You squeeze the skyshark!
The skyshark is severely wounded.
The skyshark misses you. x2; The skyshark completely misses you.
The komodo dragon completely misses you.
You closely miss the skyshark. You squeeze the skyshark!
The skyshark is severely wounded.
The skyshark completely misses you. x2
The skyshark tail-slaps you but does no damage.
The komodo dragon barely misses you. The skyshark bites you!!
The skyshark barely misses you. The skyshark completely misses you.
You are too injured to fight recklessly!
You tentacle-slap the skyshark but do no damage.
The skyshark is severely wounded.
The skyshark bites you!
* * * LOW HITPOINT WARNING * * *
The skyshark completely misses you. The skyshark barely misses you.
The komodo dragon bites you!!
You die...
Your body crumbles into a pile of gold.

#..... #...........#
......###..........#
h.......~..........# ##
........~..........####.#
..#.#.P.≈~.........P...#
...^###.~~............##
#..#.P#...~~............#
#.[......Yll....)......##
#....)....h.............#
#.........~~...........##
..........~≈............#
........P..~≈.##.......##
##.....#..~≈≈.........#
#.......[.≈..........#
#....P#.....P#.......#
#.............#.....##
#....................#


You could see a skyshark (berserk), a komodo dragon and a yak.

Vanquished Creatures
  Gastronok (Lair:1)
  Josephine (D:10)
  A hydra (Lair:3)
  Harold (Lair:1)
  A boulder beetle (Lair:2)
  2 catoblepae
  A two-headed ogre (D:11)
  Urug (Lair:1)
  A death yak (Lair:1)
  An occultist (D:10)
  Amaemon (D:10)
  3 skysharks
  A lindwurm (Lair:2)
  The ghost of Descartes the Blocker, a novice FoFi of Gozag (D:6)
  2 salamanders (Volcano)
  A black mamba (Lair:5)
  A cyclops (D:11)
  Joseph (Lair:1)
  7 cane toads
  3 torpor snails
  4 rime drakes
  Jeremiah (D:6)
  An orange demon (D:10)
  Maggie (Lair:1)
  6 komodo dragons (Lair:1)
  A kobold demonologist (D:10)
  A tengu conjurer (D:10)
  2 polar bears
  Prince Ribbit (D:6)
  7 blink frogs
  8 dream sheep
  A shadow (D:10)
  A vampire (D:9)
  5 wyverns
  5 wraiths (D:10)
  2 basilisks
  41 yaks
  5 fire bats (Volcano)
  2 redbacks (Lair:2)
  Grum (D:10)
  11 water moccasins
  An acid dragon (D:11)
  4 orc warriors
  3 ice beasts
  A black bear (D:7)
  8 wolves
  An ogre (D:5)
  3 centaurs
  A phantom (D:6)
  2 kobold brigands
  12 bullfrogs
  3 gnoll sergeants
  4 scorpions
  6 wights
  12 killer bees
  5 electric eels (D:8)
  5 lava snakes (Volcano)
  5 hounds
  3 jellies
  3 gnoll boudas
  8 orc priests
  Jessica (D:3)
  3 iguanas
  7 orc wizards
  A hell rat (Sewer)
  Natasha (thrice) (D:2)
  A centaur simulacrum (D:8)
  A killer bee simulacrum (D:8)
  27 gnolls
  11 adders
  2 river rats (Sewer)
  8 white imps
  A howler monkey simulacrum (D:8)
  3 worms (D:4)
  4 dart slugs
  30 orcs
  3 endoplasms
  7 giant cockroaches
  7 goblins
  7 hobgoblins
  10 quokkas
  6 ball pythons
  2 bats
  3 frilled lizards
  16 kobolds
  10 rats
403 creatures vanquished.

Vanquished Creatures (others)
  A white imp (D:8)
1 creature vanquished.

Grand Total: 404 creatures vanquished

Notes
Turn   | Place    | Note
-------+----------+-------------------------------------------
     0 | D:1      | MacCMillion the Octopode Shapeshifter began the quest for
                  | the Orb.
     0 | D:1      | Reached XP level 1. HP: 13/13 MP: 1/1
    72 | D:1      | Reached XP level 2. HP: 14/18 MP: 2/2
   164 | D:1      | Reached skill level 1 in Stealth
   448 | D:1      | Reached XP level 3. HP: 23/23 MP: 3/3
   574 | D:2      | Found a blossoming altar of Fedhas.
   766 | D:2      | Noticed Natasha
   771 | D:2      | Killed Natasha
   772 | D:2      | Reached XP level 4. HP: 25/29 MP: 4/4
   880 | D:2      | Noticed Natasha
   888 | D:2      | Killed Natasha
   889 | D:2      | Reached skill level 4 in Unarmed Combat
  1129 | D:2      | Reached XP level 5. HP: 34/34 MP: 5/5
  1297 | D:2      | Noticed Natasha
  1303 | D:2      | Killed Natasha
  1578 | D:3      | Noticed Jessica
  1761 | D:3      | Killed Jessica
  1973 | D:4      | Reached XP level 6. HP: 35/41 MP: 6/6
  1992 | D:4      | Found a glowing drain.
  2012 | Sewer    | Entered a sewer
  2386 | D:4      | Reached skill level 5 in Unarmed Combat
  2432 | D:4      | Found Gelo's Mass Market.
  2580 | D:4      | Found a runed translucent door.
  2581 | D:4      | Noticed Crazy Yiuf
  2859 | D:5      | Entered Level 5 of the Dungeon
  2869 | D:5      | Reached XP level 7. HP: 45/45 MP: 7/7
  3577 | D:5      | Found an ancient bone altar of Kikubaaqudgha.
  4080 | D:6      | Found a staircase to the Ecumenical Temple.
  4087 | D:6      | Noticed Prince Ribbit
  4087 | D:6      | Noticed Jeremiah
  4096 | Temple   | Entered the Ecumenical Temple
  4115 | Temple   | Became a worshipper of Gozag Ym Sagoz the Greedy
  4187 | D:6      | Reached skill level 6 in Unarmed Combat
  4195 | D:6      | Reached XP level 8. HP: 37/54 MP: 8/8
  4296 | D:6      | Found a large runed translucent door.
  4296 | D:6      | Found a large runed translucent door.
  4298 | D:6      | Noticed Descartes's ghost (novice FoFi)
  5060 | D:6      | Reached skill level 7 in Unarmed Combat
  5060 | D:6      | Reached skill level 5 in Shapeshifting
  5110 | D:6      | Reached skill level 5 in Dodging
  5300 | D:6      | Reached XP level 9. HP: 59/59 MP: 9/9
  5368 | D:6      | Killed Prince Ribbit
  5396 | D:6      | Killed Jeremiah
  5397 | D:6      | Reached skill level 5 in Fighting
  5397 | D:6      | Reached skill level 8 in Unarmed Combat
  5773 | D:6      | Killed Descartes's ghost
  6385 | D:8      | Reached skill level 9 in Unarmed Combat
  6470 | D:8      | Reached XP level 10. HP: 52/68 MP: 10/10
  7653 | D:8      | Identified a scroll of acquirement
  7657 | D:8      | Learned a level 2 spell: Blink
  8510 | D:9      | Reached skill level 10 in Unarmed Combat
  9366 | D:10     | Entered Level 10 of the Dungeon
  9432 | D:10     | Noticed Josephine
  9445 | D:10     | Killed Josephine
  9512 | D:10     | Reached XP level 11. HP: 64/75 MP: 11/11
  9587 | D:10     | Found an ornate altar of the Wu Jian Council.
  9630 | D:10     | Noticed a two-headed ogre
  9848 | D:10     | Reached skill level 11 in Unarmed Combat
  9931 | D:10     | Noticed Amaemon
  9940 | D:10     | Killed Amaemon
 10040 | D:10     | Identified the +0 leather armour of Ivaruc {Dex+3}
 10040 | D:10     | Noticed an occultist
 10047 | D:10     | Noticed Grum
 10050 | D:10     | Killed an occultist
 10056 | D:10     | Killed Grum
 10065 | D:10     | Identified the +0 scale mail "Semitiul" {Rampage rN+ Int-5}
 10556 | D:10     | Noticed Erolcha
 10830 | D:8      | Found a staircase to the Lair.
 11105 | D:10     | Found a shimmering altar of Xom.
 11112 | D:10     | Found a white marble altar of Elyvilon.
 11115 | D:10     | Found an iron altar of Okawaru.
 11115 | D:10     | Found a shadowy altar of Dithmenos.
 11123 | D:10     | Found a glowing golden altar of the Shining One.
 11318 | D:10     | Noticed a soul eater
 11321 | D:10     | Reached skill level 12 in Unarmed Combat
 11499 | D:11     | Found a staircase to the Orcish Mines.
 11523 | D:11     | Noticed Fannar
 11878 | D:11     | Noticed a two-headed ogre
 12584 | D:11     | Noticed a cyclops
 12615 | D:11     | Killed a cyclops
 12616 | D:11     | Reached XP level 12. HP: 71/84 MP: 12/12
 12876 | D:11     | Killed a two-headed ogre
 12987 | Lair:1   | Entered Level 1 of the Lair of Beasts
 13132 | Lair:1   | Noticed Urug
 13146 | Lair:1   | Killed Urug
 13257 | Lair:1   | Noticed Joseph
 13258 | Lair:1   | Noticed Maggie
 13290 | Lair:1   | Killed Maggie
 13431 | Lair:1   | Noticed a death yak
 13851 | Lair:1   | Reached skill level 13 in Unarmed Combat
 13858 | Lair:1   | Reached skill level 1 in Evocations
 13881 | Lair:1   | Noticed Harold
 13910 | Lair:1   | Killed Harold
 13926 | Lair:1   | Noticed Gastronok
 13939 | Lair:1   | Killed Joseph
 13983 | Lair:1   | Killed a death yak
 14046 | Lair:1   | Killed Gastronok
 14690 | Lair:2   | Noticed a catoblepas
 14729 | Lair:2   | Killed a catoblepas
 14844 | Lair:2   | Found a dark tunnel.
 14849 | Volcano  | Entered a volcano
 14873 | Volcano  | Reached XP level 13. HP: 74/91 MP: 13/13
 14968 | Volcano  | Reached skill level 10 in Dodging
 15040 | Volcano  | Found a radiant altar of Vehumet.
 15063 | Volcano  | Reached skill level 10 in Fighting
 15063 | Volcano  | Reached skill level 14 in Unarmed Combat
 15476 | Lair:2   | Found a hole to the Spider Nest.
 16999 | Lair:3   | Found a runed translucent gate.
 17011 | Lair:3   | Found a runed translucent gate.
 17011 | Lair:3   | Found a runed translucent gate.
 17014 | Lair:3   | Noticed Zlot's ghost (journeyman DsBe)
 17159 | Lair:3   | Found a staircase to the Shoals.
 18050 | Lair:3   | Reached skill level 5 in Evocations
 18593 | Lair:4   | Bought a scroll of acquirement for 936 gold pieces
 18593 | Lair:4   | Bought a scroll of identify for 36 gold pieces
 18593 | Lair:4   | Bought 2 scrolls of vulnerability for 144 gold pieces
 18593 | Lair:4   | Acquired a ring of protection from fire
 18596 | Lair:4   | Acquired a manual of Shapeshifting
 19012 | Lair:4   | Reached skill level 10 in Shapeshifting
 19218 | Lair:4   | Found a viscous altar of Jiyva.
 19219 | Lair:4   | Found a staircase to the Slime Pits.
 19864 | Lair:5   | Identified the "Erphyamn"
 19864 | Lair:5   | Entered Level 5 of the Lair of Beasts
 20035 | Lair:5   | Mangled by a komodo dragon

Illustrated notes

Levels and vault maps discovered:
D:1:      lightli_arrival_isolated_outpost, layout_loops_cross, minivault_23
D:2:      minmay_angry_zag, layout_basic, basic_altar,
          minmay_increasing_density, uniq_natasha
D:3:      layout_basic, uniq_jessica
D:4:      layout_rooms, portal_sewer_entry_f, minmay_shop_mass,
          uniq_crazy_yiuf_cottage
D:5:      layout_gridville, kiku_gazebo_garden_becter, serial_bayou,
          serial_bayou_lake_a, serial_bayou_pond_b, serial_bayou_lagoon_b,
          serial_bayou_pond_d, serial_bayou_lagoon_a
D:6:      layout_rooms, minmay_temple_entry_arrows, ebering_ghost_disaster_area,
          minmay_starry_boxes, uniq_prince_ribbit1, uniq_jeremiah
D:7:      layout_loops_ring
D:8:      layout_cave_pods, erik_lair_island, serial_ice, serial_ice_j,
          serial_ice_d, serial_ice_o, serial_ice_h
D:9:      layout_stronghold, grunt_decor_cap
D:10:     layout_loops_ring, nicolae_overflow_hallway_of_the_gods,
          nicolae_wu_jian_wuxing_cycle, grunt_decor_fettered,
          minmay_mirror_moons_of_madness, uniq_grum, uniq_josephine,
          uniq_amaemon, uniq_erolcha
D:11:     layout_rooms, orc_0_dummy, uniq_fannar
Temple:   eino_wide_crystal_templ
Lair:1:   layout_long_grid, serial_rivers, chequers_serial_rivers_micro_b,
          chequers_serial_rivers_small_a, chequers_serial_rivers_room_a,
          chequers_serial_rivers_room_a, chequers_serial_rivers_marsh,
          chequers_serial_rivers_large_b, serial_bayou_pond_d, uniq_joseph,
          uniq_urug, uniq_maggie, uniq_harold, uniq_gastronok
Lair:2:   layout_gridlike, spider_nest_entry_rubble, enter_volcano_4,
          grunt_megastairs_4
Lair:3:   layout_regular_city, elwin_shoals_entry_rocks,
          gammafunk_ghost_necromancy, grunt_megastairs_5,
          infiniplex_staircase_pool
Lair:4:   layout_regular_city, slime_entry_1
Lair:5:   cheibrodos_lair_end_hotspot, layout_gridlike, minivault_23,
          chequers_serial_rivers_small_a, minivault_24

Skill      XL: |  1  2  3  4  5  6  7  8  9 10 11 12 13 |
---------------+----------------------------------------+-----
Stealth        | 1 2 3 4 |  4.0
Fighting       | 2 3 4 5 7 8 9 10 | 10.6
Unarmed Combat | 4 5 6 7 9 10 12 13 14 | 14.4
Dodging        | 3 4 5 6 7 8 9 10 | 10.6
Shapeshifting  | 4 5 6 7 8 9 10 | 10.7
Evocations     | 3 6 |  6.7

Action                     |  1- 3 |  4- 6 |  7- 9 | 10-12 | 13-15 || total
---------------------------+-------+-------+-------+-------+-------++-------
  Melee: Unarmed           |    51 |   141 |   192 |   492 |   242 ||  1118
         Constrict         |    16 |    44 |    46 |    81 |    38 ||   225
         Tentacles         |    10 |    28 |    60 |   170 |    83 ||   351
         Punch             |     2 |     6 |    18 |    57 |    29 ||   112
  Throw: Dart              |       |       |     1 |     1 |    11 ||    13
 Invoke: Call Merchant     |       |       |       |       |     2 ||     2
  Evoke: Wand              |       |       |       |    11 |    12 ||    23
    Use: Scroll            |       |     6 |     2 |    10 |     6 ||    24
         Potion            |       |       |       |     1 |       ||     1
   Stab: Sleeping          |     7 |    14 |     6 |     9 |     7 ||    43
         Distracted        |       |       |     1 |     4 |     7 ||    12
 Armour: Skin              |    18 |    32 |    76 |   134 |    69 ||   329
  Dodge: Dodged            |    28 |    63 |   122 |   388 |   176 ||   777
   Form: Beast             |       |       |       |       |     3 ||     3
         Flux              |       |       |       |       |     3 ||     3

Table legend: (Time is in decaauts)
 A = Elapsed time spent in this place.
 B = Non-inter-level travel time spent in this place.
 C = Inter-level travel time spent in this place.
 D = Time resting spent in this place.
 E = Time spent auto-exploring this place.
 F = Levels seen in this place.
 G = Mean time per level.
                   A        B        C        D        E       F      G
               +--------+--------+--------+--------+--------+-----+--------+
         Total |  19863 |  19069 |    794 |   6291 |   7919 |  19 | 1045.4 |
       Dungeon |  12773 |  12271 |    502 |   4044 |   5504 |  11 | 1161.2 |
        Temple |     38 |      1 |     37 |      0 |      0 |   1 |   38.0 |
          Lair |   6596 |   6341 |    255 |   2076 |   2389 |   5 | 1319.2 |
         Sewer |    205 |    205 |      0 |    108 |     26 |   1 |  205.0 |
       Volcano |    249 |    249 |      0 |     63 |      0 |   1 |  249.0 |
               +--------+--------+--------+--------+--------+-----+--------+

Top non-repeatable levels by time:
     D:8: 2228 daAuts
  Lair:3: 2121 daAuts
     D:9: 1555 daAuts
     D:5: 1508 daAuts
  Lair:1: 1477 daAuts
    D:10: 1461 daAuts
  Lair:4: 1459 daAuts
    D:11: 1456 daAuts
  Lair:2: 1370 daAuts
     D:6: 1002 daAuts
     D:2: 933 daAuts
     D:7: 898 daAuts
     D:4: 707 daAuts
     D:1: 572 daAuts
     D:3: 449 daAuts
